 Dungeon Crawl Stone Soup version 0.32-a0-931-g5a2cda0630 (webtiles) character file.

Game seed: 8458310026248994545

9393 GiantSquids the Grappler (level 11, -2/72 HPs)
             Began as an Octopode Shapeshifter on Apr 13, 2024.
             Was a Priest of Makhleb.
             Slain by a two-headed ogre
             ... wielding a +0 giant club
              (16 damage)
             ... on level 10 of the Dungeon.
             The game lasted 00:35:35 (9310 turns).

GiantSquids the Grappler (Octopode Shapeshifter)    Turns: 9310, Time: 00:35:36

Health: -2/72      AC:  1    Str: 19    XL:     11   Next: 45%
Magic:  11/11      EV: 23    Int: 12    God:    Makhleb [***...]
Gold:   600        SH:  0    Dex: 11    Spells: 10/10 levels left

rFire   . .          .
                       - Unarmed
rCold   . . .        (no shield)
rNeg    + . .        (helmet currently unavailable)
rPois   .            r - amulet of the acrobat
rElec   .            e - +4 ring of slaying
rCorr   .            p - +5 ring of evasion
SInv    .            w - +5 ring of evasion
Will    .....        q - ring of positive energy
Stlth   +++++        (no ring)
HPRegen 0.32/turn    (no ring)
MPRegen 0.12/turn    (no ring)
                     (no ring)

%: acrobat
@: beast-form
A: beast (slay +4), almost no armour, amphibious, 8 rings, camouflage 1,
gelatinous body 1, (nimble swimmer 1), tentacles
a: Begin Untransformation, Renounce Religion, Minor Destruction, Lesser Servant
of Makhleb


You were on level 10 of the Dungeon.
You worshipped Makhleb.
Makhleb was most pleased with you.
You were a hulking beast.
You visited 1 branch of the dungeon, and saw 10 of its levels.
You also visited: Sewer.

You collected 600 gold pieces.

Inventory:

Hand Weapons
 I - the +2 rapier of the Walnut {flame, rC+ rN+ Will+ Dex+3}
   (You found it on level 6 of the Dungeon)

   Dex+3:     It affects your dexterity (+3).
   rC+:       It protects you from cold.
   rN+:       It protects you from negative energy.
   Will+:     It increases your willpower.
Missiles
 i - 26 poisoned darts
 n - a curare-tipped dart
 v - 4 javelins
 C - 2 silver javelins
 J - 3 throwing nets
 M - 20 stones (quivered)
Jewellery
 e - a +4 ring of slaying (left tentacle)
 p - a +5 ring of evasion (right tentacle)
 q - a ring of positive energy (on tentacle)
 r - an amulet of the acrobat (around mantle)
 w - a +5 ring of evasion (on tentacle)
Talismans
 b - a beast talisman (active)
 c - a flux talisman
 g - a granite talisman
Wands
 a - a wand of digging (7)
 s - a wand of paralysis (19)
 K - a wand of quicksilver (3)
Scrolls
 d - a scroll of teleportation
 h - a scroll of butterflies
 l - a scroll of vulnerability
 m - 3 scrolls of blinking
 o - a scroll of amnesia {unknown}
 t - 3 scrolls of revelation
 u - 3 scrolls of poison
 x - 3 scrolls of fog
 y - a scroll of immolation
 E - a scroll of enchant armour
 F - a scroll of brand weapon
 L - a scroll of enchant weapon
Potions
 f - 4 potions of haste
 j - 2 potions of curing
 k - a potion of might
 z - a potion of berserk rage
 A - 2 potions of magic
 B - a potion of heal wounds
 D - a potion of cancellation
 G - 4 potions of mutation
 H - 2 potions of resistance


   Skills:
 + Level 5.9 Fighting
 - Level 4.4 Dodging
 - Level 9.0 Stealth
 - Level 11.1 Unarmed Combat
 * Level 10.0 Shapeshifting


You had 10 spell levels left.
You didn't know any spells.
Your spell library contained the following spells:

 Spells                   Type           Power      Damage    Failure   Level
 Slow                     Hex            0%         N/A       32%         1
 Summon Small Mammal      Summ           0%         N/A       32%         1
 Ensorcelled Hibernation  Hex/Ice        0%         N/A       45%         2
 Lesser Beckoning         Tloc           0%         N/A       45%         2
 Call Canine Familiar     Summ           0%         N/A       69%         3
 Confusing Touch          Hex            0%         N/A       69%         3
 Fugue of the Fallen      Necr           0%         N/A       69%         3
 Inner Flame              Hex/Fire       0%         N/A       69%         3
 Maxwell's Portable Pile  Tloc           0%         2d(5-13)  69%         3
 Sigil of Binding         Hex            0%         N/A       69%         3
 Teleport Other           Tloc           0%         N/A       69%         3
 Vampiric Draining        Necr           0%         2d6       69%         3
 Airstrike                Air            0%         2d(0-16)  97%         4
 Anguish                  Hex/Necr       0%         N/A       97%         4
 Dimensional Bullseye     Hex/Tloc       0%         N/A       97%         4
 Summon Blazeheart Golem  Fire/Summ      0%         N/A       97%         4
 Irradiate                Conj/Alch      0%         3d11      100%        5
 Starburst                Conj/Fire      0%         6d3       100%        6
 Ignition                 Fire           0%         3d3       100%        8


Dungeon Overview and Level Annotations

Branches:
Dungeon (10/15)            Temple (0/1) D:6             Orc (0/2) D:10
  Sewer (visited)
   Lair: D:8-11

Altars:
Dithmenos
Elyvilon
Gozag
Hepliaklqana
Makhleb
Sif Muna

Shops:
D:3 (

Annotations:
D:7 1 transporter, INTERFACE0's ghost, novice DESu


Innate Abilities, Weirdness & Mutations

You are a hulking beast.
Your limbs bulge with bestial killing power. (Slay +4)
You cannot wear most types of armour.
You are amphibious.
You can wear up to eight rings at the same time.
Your skin changes colour to match your surroundings (Stealth+).
Your rubbery body absorbs attacks. (AC +1, EV +1)
((You are camouflaged when in or above water. (Stealth+)))
You have tentacles for arms and can constrict up to eight enemies at once.


Message History

Makhleb accepts your kill.
You feel better.
You feel sick.
You feel sick.
You feel sick.
You feel sick.
You feel sick.
You are no longer poisoned.
A two-headed ogre comes into view. It is wielding two +0 giant clubs.
The two-headed ogre shouts in stereo!
You hear two shouts!
An orc wizard comes into view. It is wielding a +0 dagger.
You see here a scroll labelled ATIGIL NOMMU.
Throw: 22 stones
Press: ? - help, Q - select action, (/) - cycle Shift-Dir - straight line, f - two-headed ogre
Aim: a two-headed ogre, wielding two +0 giant clubs (78% to hit)
You throw a stone. The stone hits the two-headed ogre.
The two-headed ogre is lightly wounded.
Throw: 21 stones
Press: ? - help, Q - select action, (/) - cycle Shift-Dir - straight line, f/p - two-headed ogre
Aim: a two-headed ogre, wielding two +0 giant clubs (lightly wounded, 78% to hit)
You throw a stone. The stone hits the two-headed ogre.
The two-headed ogre is lightly wounded.
You bludgeon the two-headed ogre!
The two-headed ogre is moderately wounded.
The two-headed ogre completely misses you.
The two-headed ogre hits you with a +0 giant club!!
You bludgeon the two-headed ogre!
The two-headed ogre is heavily wounded.
You bludgeon the two-headed ogre!
The two-headed ogre is severely wounded.
The two-headed ogre misses you.
The two-headed ogre hits you with a +0 giant club!
You bludgeon the two-headed ogre!
The two-headed ogre is almost dead.
You bludgeon the two-headed ogre!
Your squeeze misses the two-headed ogre.
The two-headed ogre is almost dead.
The two-headed ogre hits you with a +0 giant club!!
* * * LOW HITPOINT WARNING * * *
The two-headed ogre hits you with a +0 giant club!
You die...

######## ###.......##
##...####...###
#...##..##....##
..ß.'....+.ß...#
....##..##.....#
.....####...##.#
)##........##..############..
##########'#....hO...##....
.##........##...####.#..##
.....####...##>.####....?##
..ß.##..##.ß.#....).....O....#
....'....'...#....########O..#
..ß.##..##)ß.#.#.## #....# .
.....####)..##.#.. .....###D
.##........##..#### #.....#.#
##########'#### ...O...#


You could see a two-headed ogre.

Vanquished Creatures
  Harold (D:9)
  A two-headed ogre (D:9)
  A kobold demonologist (D:10)
  3 hornets
  Prince Ribbit (D:7)
  8 yaks
  A wyvern (D:9)
  Grum (D:9)
  2 steam dragons
  Eustachio (D:6)
  A warg (D:10)
  2 water moccasins
  2 acid dragons
  2 black bears
  4 orc warriors
  3 ice beasts
  3 sky beasts (D:7)
  4 ogres
  A centaur (D:8)
  2 wolves (D:9)
  2 brain worms (Sewer)
  4 kobold brigands
  3 bullfrogs
  15 wights
  7 killer bees
  4 howler monkeys (D:9)
  A bombardier beetle (D:6)
  7 orc priests
  2 gnoll boudas
  2 jellies
  5 hounds
  2 iguanas
  3 sleepcaps
  6 orc wizards
  Robin (D:2)
  11 gnolls
  13 adders
  3 shadow imps
  5 white imps
  3 ufetubi (D:6)
  3 ribbon worms
  3 dart slugs
  33 orcs
  5 endoplasms
  2 giant cockroaches
  15 goblins
  10 hobgoblins
  6 jackals
  24 kobolds
  5 quokkas
  8 ball pythons
  6 bats
  10 frilled lizards
  5 rats
278 creatures vanquished.

Vanquished Creatures (others)
  A bullfrog (D:6)
1 creature vanquished.

Grand Total: 279 creatures vanquished

Notes
Turn   | Place    | Note
-------+----------+-------------------------------------------
     0 | D:1      | GiantSquids the Octopode Shapeshifter began the quest for
                  | the Orb.
     0 | D:1      | Reached XP level 1. HP: 13/13 MP: 1/1
   106 | D:1      | Reached XP level 2. HP: 18/18 MP: 2/2
   334 | D:1      | Reached skill level 4 in Unarmed Combat
   410 | D:1      | Reached XP level 3. HP: 23/23 MP: 3/3
   868 | D:1      | You fall into a shaft and drop 1 floor!
  1006 | D:2      | Reached XP level 4. HP: 25/28 MP: 4/4
  1012 | D:2      | Noticed Robin
  1017 | D:2      | Killed Robin
  1339 | D:3      | Reached XP level 5. HP: 28/33 MP: 5/5
  1440 | D:3      | Reached skill level 5 in Shapeshifting
  1468 | D:3      | Found Etiugge's Antique Weapon Shoppe.
  1503 | D:3      | Found a shimmering blue altar of Sif Muna.
  1764 | D:3      | Reached XP level 6. HP: 38/38 MP: 6/6
  1783 | D:3      | Found a faded altar of an unknown god.
  2055 | D:4      | Found a white marble altar of Elyvilon.
  2433 | D:4      | Reached XP level 7. HP: 43/43 MP: 7/7
  3023 | D:5      | Entered Level 5 of the Dungeon
  3034 | D:5      | Reached skill level 1 in Stealth
  3175 | D:5      | Reached skill level 5 in Unarmed Combat
  3524 | D:5      | Reached XP level 8. HP: 48/48 MP: 8/8
  3707 | D:5      | Got the Enchiridion on Thunder and the Dragon
  3857 | D:5      | Reached skill level 6 in Unarmed Combat
  4055 | D:6      | Noticed Eustachio
  4065 | D:6      | Killed Eustachio
  4066 | D:6      | Reached skill level 5 in Stealth
  4076 | D:6      | Reached skill level 7 in Unarmed Combat
  4153 | D:6      | Reached XP level 9. HP: 14/53 MP: 9/9
  4192 | D:6      | Reached skill level 8 in Unarmed Combat
  4358 | D:6      | Found a glowing drain.
  4373 | Sewer    | Entered a sewer
  4806 | D:6      | Identified the +2 rapier of the Walnut {flame, rC+ rN+
                  | Will+ Dex+3}
  5001 | D:6      | Found a burning altar of Makhleb.
  5006 | D:6      | Became a worshipper of Makhleb the Destroyer
  5174 | D:6      | Reached skill level 9 in Unarmed Combat
  5219 | D:6      | Found a staircase to the Ecumenical Temple.
  5747 | D:7      | Reached skill level 10 in Unarmed Combat
  5860 | D:7      | Reached * piety under Makhleb
  5934 | D:7      | Reached XP level 10. HP: 60/60 MP: 10/10
  5959 | D:7      | Found a transporter.
  5981 | D:7      | Noticed INTERFACE0's ghost (novice DESu)
  6309 | D:7      | Noticed Prince Ribbit
  6314 | D:7      | Killed Prince Ribbit
  6468 | D:7      | Found a hazy altar of Hepliaklqana.
  7143 | D:8      | Identified a scroll of acquirement
  7144 | D:8      | Acquired a granite talisman
  7294 | D:8      | Reached skill level 11 in Unarmed Combat
  7462 | D:8      | Reached ** piety under Makhleb
  7617 | D:8      | Found an opulent altar of Gozag.
  7617 | D:8      | Found a shadowy altar of Dithmenos.
  7893 | D:9      | Noticed Harold
  7905 | D:9      | Killed Harold
  7906 | D:9      | Reached XP level 11. HP: 58/70 MP: 11/11
  7907 | D:9      | Noticed a two-headed ogre
  7924 | D:9      | Killed a two-headed ogre
  7925 | D:9      | Reached skill level 5 in Fighting
  7927 | D:9      | HP: 2/106 [orc priest/divine providence (13)]
  7941 | D:9      | Noticed Grum
  8585 | D:9      | Killed Grum
  8900 | D:10     | Entered Level 10 of the Dungeon
  8923 | D:10     | Found a staircase to the Orcish Mines.
  8940 | D:10     | Reached *** piety under Makhleb
  9202 | D:10     | Noticed an eight-headed hydra
  9202 | D:10     | Noticed a centaur warrior
  9256 | D:10     | Reached skill level 10 in Shapeshifting
  9292 | D:10     | Noticed a two-headed ogre
  9310 | D:10     | Slain by a two-headed ogre

Illustrated notes

Levels and vault maps discovered:
D:1:      lightli_arrival_windingriver, layout_basic,
          amcnicky_mini_corridor_feature
D:2:      layout_rooms, uniq_robin
D:3:      layout_rooms, nicolae_sif_muna_little_library,
          shapermc_ecumenical_altar_gd, serial_shops,
          nicolae_shop_just_a_little_nook
D:4:      layout_cave_pods, mainiacjoe_overflow_six_doors_small,
          nrook_loot_triangle
D:5:      layout_gridville, serial_library_hellmonk_octagon
D:6:      kb_forest_paths, layout_rooms, mainiacjoe_overflow_alcove_2,
          minmay_temple_entry_mist, portal_sewer_entry_c, grunt_decor_arrowhead,
          minivault_19, uniq_eustachio
D:7:      layout_layer_cave, worldfamousw_hep_ancestral_shrine,
          gammafunk_ghost_smash, uniq_prince_ribbit1
D:8:      layout_rooms, gammafunk_temple_overflow_elements
D:9:      layout_basic, uniq_grum, uniq_harold
D:10:     layout_rooms, xom_confusion_cloud, david_orc_1_choice,
          minmay_ruined_shrine

Skill      XL: |  1  2  3  4  5  6  7  8  9 10 11 |
---------------+----------------------------------+-----
Unarmed Combat | 4 5 7 10 11 | 11.1
Shapeshifting  | 4 5 6 7 8 10 | 10.0
Stealth        | 3 6 9 |  9.0
Fighting       | 4 5 |  5.9
Dodging        | 4 |  4.4

Action                     |  1- 3 |  4- 6 |  7- 9 | 10-12 || total
---------------------------+-------+-------+-------+-------++-------
  Melee: Unarmed           |    51 |    66 |   176 |   178 ||   471
         Tentacles         |     5 |    17 |    35 |    28 ||    85
         Constrict         |    11 |    24 |    39 |    33 ||   107
         Punch             |     4 |       |     6 |    14 ||    24
  Throw: Stone             |    14 |    17 |     9 |    32 ||    72
         Javelin           |       |     4 |    11 |    20 ||    35
         Boomerang         |       |       |     6 |     6 ||    12
         Dart              |       |       |       |    29 ||    29
  Evoke: Wand              |       |       |       |     1 ||     1
    Use: Scroll            |       |       |       |    19 ||    19
         Potion            |       |       |       |    11 ||    11
   Stab: Sleeping          |     3 |     4 |    13 |     6 ||    26
         Distracted        |     1 |       |       |       ||     1
 Armour: Skin              |    25 |    16 |    49 |    56 ||   146
  Dodge: Dodged            |    37 |    24 |   119 |   104 ||   284

Table legend: (Time is in decaauts)
 A = Elapsed time spent in this place.
 B = Non-inter-level travel time spent in this place.
 C = Inter-level travel time spent in this place.
 D = Time resting spent in this place.
 E = Time spent auto-exploring this place.
 F = Levels seen in this place.
 G = Mean time per level.
                   A        B        C        D        E       F      G
               +--------+--------+--------+--------+--------+-----+--------+
         Total |   9267 |   8895 |    372 |    714 |   5642 |  11 |  842.5 |
       Dungeon |   8916 |   8544 |    372 |    714 |   5497 |  10 |  891.6 |
         Sewer |    350 |    350 |      0 |      0 |    145 |   1 |  350.0 |
               +--------+--------+--------+--------+--------+-----+--------+

Top non-repeatable levels by time:
     D:7: 1595 daAuts
     D:9: 1245 daAuts
     D:5: 1144 daAuts
     D:6: 1047 daAuts
     D:4: 974 daAuts
     D:1: 944 daAuts
     D:3: 755 daAuts
     D:8: 463 daAuts
    D:10: 401 daAuts
   Sewer: 350 daAuts
     D:2: 343 daAuts
